 Dungeon Crawl Stone Soup version 0.22-a0-135-g6f012ad (webtiles) character file.

878 KristoblXynda the Insei (level 7, 0/57 HPs)
             Began as a White Draconian Transmuter on Jan 31, 2018.
             Was an Initiate of Gozag.
             Slain by an orc wizard
             ... wielding a +0 dagger
              (1 damage)
             ... on level 5 of the Dungeon.
             The game lasted 00:10:57 (7243 turns).

KristoblXynda the Insei (DrTm)                      Turns: 7243, Time: 00:10:58

Health: 0/57       AC:  7    Str: 12    XL:     7   Next: 75%
Magic:  8/10       EV: 14    Int: 20    God:    Gozag
Gold:   274        SH:  0    Dex: 12    Spells: 6/10 levels left

rFire    + . .     SeeInvis .     - Unarmed
rCold    + . .     Gourm    .   (no shield)
rNeg     . . .     Faith    .   (armour unavailable)
rPois    .         Spirit   .   (helmet restricted)
rElec    .         Reflect  .   (no cloak)
rCorr    .         Harm     .   n - +0 pair of gloves
MR       .....                  (no boots)
Stlth    +.........             (no amulet)
HPRegen  0.19/turn              d - ring of flight
MPRegen  0.12/turn              q - ring of protection from fire

@: brilliant, lethally poisoned (0 -> -9), gold aura, flying
A: breathe frost, unfitting armour, cold resistance 1, cold-blooded, AC +6
a: Breathe Frost, Potion Petition, Call Merchant, Bribe Branch, Renounce
Religion


You were on level 5 of the Dungeon.
You worshipped Gozag.
Gozag was aware of your devotion.
You were very hungry.

You visited 2 branches of the dungeon, and saw 6 of its levels.

You collected 301 gold pieces.
You paid 27 gold pieces to Gozag.

Inventory:

Armour
 n - a +0 pair of gloves (worn)
Magical Staves
 g - an uncursed staff of earth
Jewellery
 d - a ring of flight (left hand)
 q - a ring of protection from fire (right hand)
Scrolls
 h - a scroll of remove curse
 j - a scroll of amnesia
 k - a scroll of enchant weapon {unknown}
Potions
 f - 3 potions of might
 i - a potion of haste
 l - a potion of curing {unknown}
 m - a potion of ambrosia {unknown}
 p - a potion of magic
Books
 b - a book of Changes

   Spells                             Type                      Level
   a - Beastly Appendage              Transmutation                1
   b - Sticks to Snakes               Transmutation                2
   c - Spider Form                    Transmutation/Poison         3
   d - Ice Form                       Ice/Transmutation            4
   e - Blade Hands                    Transmutation                5
Comestibles
 c - 8 rations


   Skills:
 + Level 3.5 Fighting
 + Level 4.3 Dodging
 + Level 6.1 Unarmed Combat
 - Level 2.0 Spellcasting
 + Level 4.7 Transmutations


You had 6 spell levels left.
You knew the following spells:

 Your Spells              Type           Power        Failure   Level  Hunger
a - Beastly Appendage     Tmut           ####..       1%          1    #......
b - Spider Form           Tmut/Pois      ###.......   2%          3    ###....


Dungeon Overview and Level Annotations

Branches:
Dungeon (5/15)             Temple (1/1) D:4

Altars:
Ashenzari
Cheibriados
Dithmenos
Elyvilon
Fedhas
Gozag
Hepliaklqana
Kikubaaqudgha
Makhleb
Nemelex Xobeh
Okawaru
Qazlal
Ru
Sif Muna
Uskayaw
Vehumet
Wu Jian
Yredelemnul
Zin

Annotations:
D:5 Demitroll's ghost, novice DgNe


Innate Abilities, Weirdness & Mutations

You can breathe waves of freezing cold.
You can buffet flying creatures when you breathe cold.
Your icy white scales are hard. (AC +6)
You cannot fit into any form of body armour.
Your flesh is cold resistant. (rC+)
You are cold-blooded and may be slowed by cold attacks.


Message History

* * * LOW HITPOINT WARNING * * *
Your transformation has ended.
Your +0 pair of gloves unmelds from your body.
* * * LOW HITPOINT WARNING * * *
You feel sick.
It was a potion of brilliance.
You feel clever all of a sudden.
* * * LOW HITPOINT WARNING * * *
You feel sick. Something hits you but does no damage.
You hear some strange, mumbled words.
A puff of flame appears from out of thin air!
The puff of flame hits you! You resist.
* * * LOW HITPOINT WARNING * * *
It was a potion of flight.
You feel very buoyant.
You fly up into the air.
* * * LOW HITPOINT WARNING * * *
You feel sick. Something hits you.
You die...
Your body crumbles into a pile of gold.

#........##....#.######...
#........##.<#.#.#########
#.........................
#........##.##.#.#########
###########.##.#....^.....
#.##.########### #$##...[#
#..... #############.#####.#
#.####
#..........@.n....#.###.####
#.###########.###.#.........
#.# #######.###.#####.####
#.# ..>....Yo...# #.# # #.#
#.......o....# #.# # #.#
#............# #.# # #.#
#............# #+# # #.#
#.......$$..## # #.#
#......o....# #


You could see a necrophage.

Vanquished Creatures
  A phantom (D:4)
  An ice beast (D:5)
  A centaur (D:5)
  2 scorpions
  A howler monkey (D:4)
  2 orc wizards
  3 orc priests (D:3)
  2 hounds (D:4)
  2 worker ants
  A killer bee zombie (D:4)
  9 adders
  An adder skeleton (D:4)
  4 worms
  A dart slug (D:3)
  2 leopard geckos
  13 orcs
  4 ball pythons
  5 bats
  6 giant cockroaches
  11 hobgoblins
  23 jackals
  4 quokkas
  4 frilled lizards
  4 goblins
  3 kobolds
  A leopard gecko skeleton (D:5)
  2 quokka skeletons
  10 rats
123 creatures vanquished.

Notes
Turn   | Place    | Note
-------+----------+-------------------------------------------
     0 | D:1      | KristoblXynda the Draconian Transmuter began the quest for the Orb.
     0 | D:1      | Reached XP level 1. HP: 16/16 MP: 3/3
   185 | D:1      | Reached XP level 2. HP: 21/23 MP: 5/5
  1109 | D:2      | Reached XP level 3. HP: 25/28 MP: 6/6
  1272 | D:2      | Learned a level 3 spell: Spider Form
  1335 | D:2      | Reached skill level 4 in Unarmed Combat
  1862 | D:3      | Reached XP level 4. HP: 35/35 MP: 7/7
  2427 | D:3      | Reached XP level 5. HP: 29/40 MP: 8/8
  2707 | D:3      | Reached skill level 5 in Unarmed Combat
  2736 | D:3      | HP: 2/40 [quokka (2)]
  3211 | D:4      | Reached XP level 6. HP: 47/47 MP: 9/9
  3670 | D:4      | Found a staircase to the Ecumenical Temple.
  5272 | D:4      | Your scales start taking on an icy white colour.
  5272 | D:4      | Reached XP level 7. HP: 36/56 MP: 8/10
  5272 | D:4      | Gained mutation: Your flesh is cold resistant. (rC+) [White Draconian growth]
  5294 | Temple   | Entered the Ecumenical Temple
  5552 | Temple   | Became a worshipper of Gozag Ym Sagoz the Greedy
  5611 | D:5      | Entered Level 5 of the Dungeon
  5720 | D:5      | Found a hazy altar of Hepliaklqana.
  5811 | D:5      | Found a white marble altar of Elyvilon.
  6157 | D:5      | Noticed Demitroll's ghost (novice DgNe)
  6930 | D:5      | Reached skill level 6 in Unarmed Combat
  7242 | D:5      | HP: 2/57 [something/puff of flame (2)]
  7243 | D:5      | Slain by an orc wizard

Vault maps used:
D:1:      roderic_octagonal_star, minmay_misc_feat_enclosed
D:4:      minmay_temple_entry_grid
D:5:      gammafunk_temple_overflow_claw, nicolae_overflow_crystal_walls,
          first_ration, elyvilon_altar_3
Temple:   regret_index_temple_mists

Skill      XL: |  1  2  3  4  5  6  7 |
---------------+----------------------+-----
Dodging        | 2 3 4 |  4.3
Unarmed Combat | 4 5 6 |  6.1
Transmutations | 3 4 |  4.7
Fighting       | 2 3 |  3.5
Spellcasting   | |  2.0

Action                   |  1- 3 |  4- 6 |  7- 9 || total
-------------------------+-------+-------+-------++-------
Melee: Unarmed           |   147 |   265 |   128 ||   540
       Tailslap          |    13 |    24 |    11 ||    48
       Kick              |     4 |     7 |     9 ||    20
       Punch             |     1 |     4 |     3 ||     8
       Headbutt          |       |     4 |       ||     4
 Cast: Beastly Appendage |     4 |    10 |     3 ||    17
       Spider Form       |       |       |     4 ||     4
 Abil: Breathe Frost     |       |       |     2 ||     2
  Use: Scroll            |     2 |     1 |     4 ||     7
       Potion            |       |     3 |     5 ||     8
 Stab: Sleeping          |     1 |     2 |       ||     3
  Eat: Chunk             |     3 |    15 |       ||    18
       Ration            |       |       |     1 ||     1
Armor: Skin              |    52 |    74 |    23 ||   149
Dodge: Dodged            |   121 |   144 |    73 ||   338

Table legend:
 A = Spawn XP
 B = Non-spawn XP
 C = Spawn XP percentage of total XP
 D = Spawn monster count
 E = Non-spawn monster count
 F = Spawn count percentage of total count
 G = Total turns spent on level
                    A         B        C        D         E        F      G
               +---------+---------+-------+---------+---------+-------+---------
         Total |       0 |    1255 |   0.0 |       0 |     123 |   0.0 |  7243
               +---------+---------+-------+---------+---------+-------+---------
           D:1 |       0 |      23 |   0.0 |       0 |      16 |   0.0 |   844
           D:2 |       0 |      73 |   0.0 |       0 |      26 |   0.0 |   974
           D:3 |       0 |     275 |   0.0 |       0 |      38 |   0.0 |  1302
           D:4 |       0 |     437 |   0.0 |       0 |      17 |   0.0 |  2687
           D:5 |       0 |     447 |   0.0 |       0 |      26 |   0.0 |  1157
               +---------+---------+-------+---------+---------+-------+---------
